 Dungeon Crawl Stone Soup version 0.29.1-15-g9cfb28693d (webtiles) character file.

Game seed: 4745043829342193171

8025 DocClef the Blocker (level 11, 0/80 HPs)
             Began as a Gnoll Fighter on Feb 27, 2023.
             Was a Priest of Hepliaklqana.
             Killed from afar by a gargoyle (12 damage)
             ... with a stone arrow
             ... on level 10 of the Dungeon.
             The game lasted 00:15:44 (12105 turns).

DocClef the Blocker (Gnoll Fighter)                Turns: 12105, Time: 00:15:45

Health: 0/80       AC: 10    Str: 19    XL:     11   Next: 24%
Magic:  20/20      EV: 12    Int:  7    God:    Hepliaklqana [***...]
Gold:   702        SH:  6    Dex: 15    Spells: 22/22 levels left

rFire   . . .      SeeInvis +   u - +2 hand axe (flame)
rCold   . . .      Faith    .   c - +0 buckler
rNeg    . . .      Spirit   .   b - +0 scale mail
rPois   +          Reflect  .   (no helmet)
rElec   .          Harm     .   h - +1 cloak
rCorr   +          Rampage  .   (no gloves)
Will    .....                   (no boots)
Stlth   +++.......              (no amulet)
HPRegen 0.23/turn               s - ring of see invisible
MPRegen 0.17/turn               n - ring of resist corrosion

@: no status effects
A: reduced essence, fangs 1, strong nose, distributed training, hooves 2, thin
skeletal structure 1, poison resistance
a: Renounce Religion, Recall Ancestor, Ancestor Identity, Transference


You were on level 10 of the Dungeon.
You worshipped Hepliaklqana.
Hepliaklqana was most pleased with you.
You visited 2 branches of the dungeon, and saw 11 of its levels.

You collected 702 gold pieces.

Inventory:

Hand Weapons
 a - a +0 war axe
 u - a +2 hand axe of flaming (weapon)
Missiles
 v - 2 throwing nets (quivered)
Armour
 b - a +0 scale mail (worn)
 c - a +0 buckler (worn)
 h - a +1 cloak (worn)
 y - a scarf of repulsion
Jewellery
 n - a ring of resist corrosion (right hand)
 s - a ring of see invisible (left hand)
 t - a +4 ring of evasion
Wands
 d - a wand of quicksilver (2)
 g - a wand of flame (18)
 o - a wand of paralysis (2)
Scrolls
 f - 6 scrolls of identify
 i - 5 scrolls of teleportation
 j - 3 scrolls of butterflies
 l - 4 scrolls of poison
 m - 3 scrolls of immolation
 q - a scroll of summoning
 w - 2 scrolls of magic mapping
 A - a scroll of vulnerability {unknown}
 C - 2 scrolls of enchant weapon {unknown}
 G - a scroll of brand weapon {unknown}
 H - a scroll of noise {unknown}
Potions
 e - a potion of haste
 k - 3 potions of degeneration
 p - a potion of resistance
 r - a potion of cancellation
 x - 7 potions of ambrosia
 z - a potion of lignification {unknown}
 B - 2 potions of curing
 D - a potion of heal wounds {unknown}
 E - a potion of flight
 F - a potion of mutation
 I - a potion of berserk rage {unknown}


   Skills:
 + Level 9.2 Fighting
 + Level 6.3 Short Blades
 + Level 6.3 Long Blades
 + Level 7.9 Axes
 + Level 6.3 Maces & Flails
 + Level 6.3 Polearms
 + Level 6.3 Staves
 + Level 6.3 Ranged Weapons
 + Level 6.3 Throwing
 + Level 9.2 Armour
 + Level 6.3 Dodging
 + Level 6.3 Stealth
 + Level 9.2 Shields
 + Level 6.3 Unarmed Combat
 + Level 6.3 Spellcasting
 + Level 5.2 Conjurations
 + Level 5.2 Hexes
 + Level 5.2 Summonings
 + Level 5.2 Necromancy
 + Level 5.2 Translocations
 + Level 5.2 Transmutations
 + Level 5.2 Fire Magic
 + Level 5.2 Ice Magic
 + Level 5.2 Air Magic
 + Level 5.2 Earth Magic
 + Level 5.2 Poison Magic
 + Level 6.9 Invocations
 + Level 6.3 Evocations


You had 22 spell levels left.
You didn't know any spells.
Your spell library contained the following spells:

 Spells                   Type           Power      Damage    Failure   Level
 Shock                    Conj/Air       36%        1d5       9%          1
 Sting                    Tmut/Pois      36%        1d4       9%          1
 Poisonous Vapours        Pois/Air       18%        N/A       13%         2
 Scorch                   Fire           18%        2d6       13%         2
 Gell's Gravitas          Tloc           9%         N/A       26%         3
 Swiftness                Air            9%         N/A       26%         3
 Teleport Other           Tloc           9%         N/A       26%         3
 Airstrike                Air            4%         2d(1-17)  65%         4
 Flame Wave               Conj/Fire      9%         2d6       65%         4
 Leda's Liquefaction      Hex/Erth       4%         N/A       65%         4
 Olgreb's Toxic Radiance  Pois           9%         N/A       65%         4
 Lee's Rapid Deconstruct  Erth           4%         3d6*      94%         5
 Dispersal                Tloc           4%         N/A       100%        6
 Statue Form              Tmut/Erth      6%         N/A       100%        6
 Summon Cactus Giant      Summ           4%         N/A       100%        6


Dungeon Overview and Level Annotations

Branches:
Dungeon (10/15)            Temple (1/1) D:5            Lair (0/5) D:10
    Orc (0/2) D:9

Altars:
Ashenzari
Cheibriados
Dithmenos
Elyvilon
Fedhas
Gozag
Hepliaklqana
Kikubaaqudgha
Makhleb
Nemelex Xobeh
Okawaru
Qazlal
Ru
Sif Muna
Trog
Uskayaw
Vehumet
Wu Jian
Yredelemnul
Zin
The Shining One

Portals:
Trove: D:10 (give +4 shadow dragon scales)

Annotations:
D:10 2 transporters, exclusion: obsidian statue, zeram's ghost, novice GnFi


Innate Abilities, Weirdness & Mutations

Your life essence is reduced to manifest your ancestor. (-10% HP)
You have very sharp teeth.
Your uncanny sense of smell can sniff out nearby items.
Your experience applies equally to all skills.
You have hoof-like feet.
You have a somewhat thin skeletal structure. (Dex +2, Stealth+)
Your system is resistant to poisons. (rPois)


Message History

A boggart comes into view.
The gargoyle hits you with a +0 vorpal mace!
* * * LOW HITPOINT WARNING * * *
x2 The basilisk bites you but does no damage.
The gargoyle hits you with a +0 vorpal mace.
* * * LOW HITPOINT WARNING * * *
You turn to flesh and can move again.
Unknown command.
Unknown command.
Unknown command.
Unknown command.
Unknown command.
Unknown command.
Unknown command.
Unknown command.
Unknown command.
Unknown command.
Unknown command.
Unknown command.
Unknown command.
Unknown command.
Unknown command.
Unknown command.
Unknown command.
Unknown command.
Unknown command.
Unknown command.
Unknown command.
Unknown command.
Unknown command.
Unknown command.
Unknown command.
Unknown command.
You hit the basilisk but do no damage.
The basilisk is severely wounded.
You hit the gargoyle. You burn the gargoyle.
The basilisk bites you but does no damage.
The gargoyle hurls a stone arrow at you.
The stone arrow hits you!
You die...

##### #.# .#
####.#####.# .#
...#.......##++##..
.††#######......g.
...# #.###...g ...#
#.# #.# ...# #.#
#K# ...# #.### #9#
.†.# #...# #@# ####
###.###l# # #.....#
# #####.# ###


You could see a basilisk, a gargoyle, a kobold brigand, a boggart and a gnoll
bouda.

Vanquished Creatures
  A queen bee (D:10)
  A troll (D:10)
  A hornet (D:9)
  Sigmund (D:4)
  A wraith (D:10)
  A wyvern (D:9)
  2 yaks (D:10)
  An acid dragon (D:9)
  3 water moccasins
  4 ice beasts
  2 sky beasts
  2 black bears
  6 ogres
  A phantom (D:7)
  A wolf (D:10)
  A centaur (D:7)
  4 scorpions
  2 bullfrogs
  A necrophage (D:6)
  16 killer bees
  A howler monkey (D:8)
  A jelly (D:6)
  2 hounds
  4 orc priests
  Ijyb (D:3)
  2 iguanas
  Jessica (D:3)
  3 orc wizards
  A gnoll bouda (D:9)
  A mummy (D:6)
  3 gnolls (D:8)
  6 adders
  An ufetubus (D:5)
  21 orcs
  An endoplasm (D:1)
  2 giant cockroaches
  11 hobgoblins
  7 jackals
  5 quokkas
  8 ball pythons
  5 bats
  3 frilled lizards (D:1)
  9 goblins
  9 kobolds
  7 rats
167 creatures vanquished.

Vanquished Creatures (collateral kills)
  2 hornets (D:8)
  A vampire (D:10)
  A shadow (D:9)
  A wyvern (D:8)
  2 yaks (D:10)
  A basilisk (D:10)
  3 water moccasins (D:10)
  An orc warrior (D:9)
  An ice beast (D:7)
  3 black bears (D:10)
  A centaur (D:8)
  2 kobold brigands
  2 bullfrogs
  10 killer bees (D:10)
  A hound (D:7)
  An orc wizard (D:7)
  3 gnolls (D:9)
  5 orcs
  6 kobolds
47 creatures vanquished.

Vanquished Creatures (others)
  3 battlemagi (D:10)
  6 fungi
  18 plants (D:10)
  3 toadstools (D:6)
30 creatures vanquished.

Grand Total: 244 creatures vanquished

Notes
Turn   | Place    | Note
-------+----------+-------------------------------------------
     0 | D:1      | DocClef the Gnoll Fighter began the quest for the Orb.
     0 | D:1      | Reached XP level 1. HP: 23/23 MP: 1/1
   173 | D:1      | Reached XP level 2. HP: 23/29 MP: 2/2
   552 | D:1      | Reached XP level 3. HP: 35/35 MP: 3/3
   654 | D:1      | Reached skill level 1 in Invocations
   971 | D:2      | Reached skill level 1 in Short Blades
   971 | D:2      | Reached skill level 1 in Long Blades
   971 | D:2      | Reached skill level 1 in Maces & Flails
   971 | D:2      | Reached skill level 1 in Polearms
   971 | D:2      | Reached skill level 1 in Staves
   971 | D:2      | Reached skill level 1 in Ranged Weapons
   971 | D:2      | Reached skill level 1 in Throwing
   971 | D:2      | Reached skill level 1 in Dodging
   971 | D:2      | Reached skill level 1 in Stealth
   971 | D:2      | Reached skill level 1 in Unarmed Combat
   971 | D:2      | Reached skill level 1 in Spellcasting
   971 | D:2      | Reached skill level 1 in Evocations
  1533 | D:3      | Reached XP level 4. HP: 34/41 MP: 5/5
  1591 | D:3      | Found a faded altar of an unknown god.
  1615 | D:3      | Noticed Jessica
  1618 | D:3      | Killed Jessica
  1619 | D:3      | Reached skill level 1 in Conjurations
  1619 | D:3      | Reached skill level 1 in Hexes
  1619 | D:3      | Reached skill level 1 in Summonings
  1619 | D:3      | Reached skill level 1 in Necromancy
  1619 | D:3      | Reached skill level 1 in Translocations
  1619 | D:3      | Reached skill level 1 in Transmutations
  1619 | D:3      | Reached skill level 1 in Fire Magic
  1619 | D:3      | Reached skill level 1 in Ice Magic
  1619 | D:3      | Reached skill level 1 in Air Magic
  1619 | D:3      | Reached skill level 1 in Earth Magic
  1619 | D:3      | Reached skill level 1 in Poison Magic
  1623 | D:3      | Reached XP level 5. HP: 47/47 MP: 5/7
  2442 | D:3      | Noticed Ijyb
  2465 | D:3      | Killed Ijyb
  3030 | D:4      | Noticed an ice beast
  3041 | D:4      | Killed an ice beast
  3042 | D:4      | Reached skill level 5 in Axes
  3042 | D:4      | Reached XP level 6. HP: 35/53 MP: 7/9
  3146 | D:4      | Noticed Sigmund
  3192 | D:4      | Gained mutation: You occasionally lose the ability to drink
                  | potions when taking damage. [potion of mutation]
  3192 | D:4      | Gained mutation: You are dopey. (Int -2) [potion of
                  | mutation]
  3192 | D:4      | Gained mutation: You have hidden genetic potential. [potion
                  | of mutation]
  3213 | D:4      | Killed Sigmund
  3214 | D:4      | Reached XP level 7. HP: 12/60 MP: 10/10
  3803 | D:4      | Lost mutation: You are dopey. (Int -2) [hidden potential]
  3950 | D:4      | Found a white marble altar of Elyvilon.
  4063 | D:5      | Entered Level 5 of the Dungeon
  4347 | D:5      | Found a stormy altar of Qazlal.
  4480 | D:5      | HP: 2/60 [ogre/+0 giant club (9)]
  4855 | D:5      | Reached XP level 8. HP: 67/67 MP: 12/12
  4883 | D:5      | Gained mutation: You are partially covered in iridescent
                  | scales. (AC +2) [hidden potential]
  4883 | D:5      | Lost mutation: You have hidden genetic potential. [hidden
                  | potential expressed]
  5069 | D:5      | Found a staircase to the Ecumenical Temple.
  5551 | Temple   | Entered the Ecumenical Temple
  5557 | Temple   | Became a worshipper of Hepliaklqana the Forgotten
  6575 | D:6      | Reached XP level 9. HP: 37/73 MP: 14/14
  7244 | D:6      | Found a shadowy altar of Dithmenos.
  7384 | D:6      | Found a glowing silver altar of Zin.
  7400 | D:6      | Lost mutation: You occasionally lose the ability to drink
                  | potions when taking damage. [potion of mutation]
  7400 | D:6      | Lost mutation: You are partially covered in iridescent
                  | scales. (AC +2) [potion of mutation]
  7400 | D:6      | Gained mutation: You have large cloven feet. [potion of
                  | mutation]
  7400 | D:6      | Gained mutation: You have hoof-like feet. [potion of
                  | mutation]
  7400 | D:6      | Gained mutation: Your system is resistant to poisons.
                  | (rPois) [potion of mutation]
  7400 | D:6      | Gained mutation: You have a somewhat thin skeletal
                  | structure. (Dex +2, Stealth+) [potion of mutation]
  7628 | D:7      | Reached * piety under Hepliaklqana
  8095 | D:7      | Reached skill level 5 in Invocations
  8348 | D:7      | You fall into a shaft and drop 3 floors!
  8348 | D:10     | Entered Level 10 of the Dungeon
  8378 | D:10     | Noticed a two-headed ogre
  8379 | D:10     | Noticed zeram's ghost (novice GnFi)
  8388 | D:10     | Found a bloodstained altar of Trog.
  8388 | D:10     | Noticed a two-headed ogre
  8388 | D:10     | Noticed a two-headed ogre
  8389 | D:10     | Found a transporter.
  8389 | D:10     | Noticed a moth of wrath
  8391 | D:10     | Noticed a tengu warrior
  8409 | D:10     | Found a transporter.
  8435 | D:9      | Noticed a hornet
  8441 | D:9      | Killed a hornet
  8568 | D:9      | Found a staircase to the Orcish Mines.
  8592 | D:9      | Reached ** piety under Hepliaklqana
  8593 | D:9      | Remembered your ancestor Centenhua as a battlemage
  8599 | D:8      | Noticed a hornet
  8608 | D:8      | Killed a hornet
  8698 | D:8      | Noticed a hornet
  8705 | D:8      | Paralysed by a hornet for 1 turns
  8707 | D:8      | Killed a hornet
  8708 | D:8      | Reached skill level 5 in Short Blades
  8708 | D:8      | Reached skill level 5 in Long Blades
  8708 | D:8      | Reached skill level 5 in Maces & Flails
  8708 | D:8      | Reached skill level 5 in Polearms
  8708 | D:8      | Reached skill level 5 in Staves
  8708 | D:8      | Reached skill level 5 in Ranged Weapons
  8708 | D:8      | Reached skill level 5 in Throwing
  8708 | D:8      | Reached skill level 5 in Dodging
  8708 | D:8      | Reached skill level 5 in Stealth
  8708 | D:8      | Reached skill level 5 in Unarmed Combat
  8708 | D:8      | Reached skill level 5 in Spellcasting
  8708 | D:8      | Reached skill level 5 in Evocations
  8708 | D:8      | Reached XP level 10. HP: 12/72 MP: 17/17
  8714 | D:8      | HP: 3/72 [poisoned by a hornet]
  9864 | D:9      | Reached *** piety under Hepliaklqana
  9914 | D:9      | Found a broken altar of Ashenzari.
  9923 | D:9      | Found a blossoming altar of Fedhas.
 10871 | D:10     | Found a staircase to the Lair.
 10969 | D:10     | Noticed an obsidian statue
 10976 | D:10     | Noticed an orange demon
 10978 | D:10     | Reached skill level 5 in Conjurations
 10978 | D:10     | Reached skill level 5 in Hexes
 10978 | D:10     | Reached skill level 5 in Summonings
 10978 | D:10     | Reached skill level 5 in Necromancy
 10978 | D:10     | Reached skill level 5 in Translocations
 10978 | D:10     | Reached skill level 5 in Transmutations
 10978 | D:10     | Reached skill level 5 in Fire Magic
 10978 | D:10     | Reached skill level 5 in Ice Magic
 10978 | D:10     | Reached skill level 5 in Air Magic
 10978 | D:10     | Reached skill level 5 in Earth Magic
 10978 | D:10     | Reached skill level 5 in Poison Magic
 10994 | D:10     | Noticed a sun demon
 11283 | D:10     | Reached XP level 11. HP: 79/80 MP: 20/20
 11961 | D:10     | Found a portal to a secret trove of treasure.
 12105 | D:10     | Killed from afar by a gargoyle

Illustrated notes

Levels and vault maps discovered:
D:1:      dpeg_arrival_castle, layout_basic, chequers_decorated_corner
D:2:      layout_loops_ring
D:3:      layout_loops_ring, shapermc_ecumenical_altar_pompeii, uniq_ijyb,
          uniq_jessica
D:4:      layout_basic, mainiacjoe_overflow_chevrons, minmay_misc_feat_rows,
          uniq_sigmund
D:5:      layout_gridville, mainiacjoe_overflow_boulevard, temple_green
D:6:      layout_basic, nicolae_dithmenos_through_a_glass_darkly, zin_academy,
          gup_ossuary_entry_pyramid, chequers_serial_rivers_small_3,
          nrook_campfire, minmay_gold_behind_fungi, kennysheep_small_circle
D:7:      layout_gridville
D:8:      layout_cave_pools, kennysheep_nondescript
D:9:      layout_irregular_city, mainiacjoe_overflow_swirl, orc_0_dummy
D:10:     hangedman_cross_veins, layout_basic, general_overflow_altar,
          minmay_lair_entry_grove, gammafunk_ghost_wrathful_warriors,
          special_room [special_room_bee], nicolae_trove_entry_diagonal,
          minivault_16, minivault_14, dk_noncrumbling_3,
          chequers_serial_rivers_small_3, nrook_mini_vaults
Temple:   nicolae_temple_no_exploring_needed

Skill      XL: |  1  2  3  4  5  6  7  8  9 10 |
---------------+-------------------------------+-----
Invocations    | 1 2 3 4 5 6 |  6.9
Short Blades   | 1 2 3 5 6 |  6.3
Long Blades    | 1 2 3 5 6 |  6.3
Maces & Flails | 1 2 3 5 6 |  6.3
Polearms       | 1 2 3 5 6 |  6.3
Staves         | 1 2 3 5 6 |  6.3
Ranged Weapons | 1 2 3 5 6 |  6.3
Throwing       | 1 2 3 5 6 |  6.3
Dodging        | 1 2 3 5 6 |  6.3
Stealth        | 1 2 3 5 6 |  6.3
Unarmed Combat | 1 2 3 5 6 |  6.3
Spellcasting   | 1 2 3 5 6 |  6.3
Evocations     | 1 2 3 5 6 |  6.3
Conjurations   | 1 2 3 4 5 |  5.2
Hexes          | 1 2 3 4 5 |  5.2
Summonings     | 1 2 3 4 5 |  5.2
Necromancy     | 1 2 3 4 5 |  5.2
Translocations | 1 2 3 4 5 |  5.2
Transmutations | 1 2 3 4 5 |  5.2
Fire Magic     | 1 2 3 4 5 |  5.2
Ice Magic      | 1 2 3 4 5 |  5.2
Air Magic      | 1 2 3 4 5 |  5.2
Earth Magic    | 1 2 3 4 5 |  5.2
Poison Magic   | 1 2 3 4 5 |  5.2
Axes           | 5 6 7 |  7.9
Fighting       | 7 8 9 |  9.2
Armour         | 7 8 9 |  9.2
Shields        | 7 8 9 |  9.2

Action                   |  1- 3 |  4- 6 |  7- 9 | 10-12 || total
-------------------------+-------+-------+-------+-------++-------
Melee: War axe           |   144 |   110 |   265 |       ||   519
       Bite              |    13 |    10 |    38 |    26 ||    87
       Kick              |       |       |    23 |    57 ||    80
       Hand axe          |       |       |    16 |   181 ||   197
Invok: Recall Ancestor   |       |       |     1 |       ||     1
       Ancestor Life: Ba |       |       |     1 |       ||     1
  Use: Potion            |       |     6 |     6 |       ||    12
       Scroll            |       |       |     8 |     3 ||    11
 Stab: Sleeping          |       |       |     2 |     1 ||     3
       Distracted        |       |       |     1 |     3 ||     4
Armor: Scale mail        |    82 |    40 |   110 |    81 ||   313
Dodge: Dodged            |    79 |    53 |   129 |   146 ||   407
Block: Buckler           |    41 |    25 |    71 |    80 ||   217
